 Dungeon Crawl Stone Soup version 0.28-a0-802-g09f76e8c00 (webtiles) character file.

Game seed: 390144475212923572

2960 porpoise the Thaumaturge (level 9, -3/52 HPs)
             Began as a Deep Elf Conjurer on Nov 7, 2021.
             Was an Initiate of Vehumet.
             Engulfed by a steam dragon's steam (7 damage)
             ... on level 8 of the Dungeon.
             The game lasted 00:30:04 (9697 turns).

porpoise the Thaumaturge (Deep Elf Conjurer)        Turns: 9697, Time: 00:30:04

Health: -3/52      AC:  9    Str:  6    XL:     9   Next: 52%
Magic:  9/24       EV: 13    Int: 25    God:    Vehumet [......]
Gold:   261        SH:  0    Dex: 17    Spells: 13/27 levels left

rFire   . . .      SeeInvis .   b - +1 hunting sling (flame)
rCold   . . .      Faith    .   (no shield)
rNeg    . . .      Spirit   .   j - +0 robe
rPois   +          Reflect  .   D - +1 helmet
rElec   +          Harm     .   (no cloak)
rCorr   .          Rampage  .   l - +0 pair of gloves "Zulen" {-Tele rElec rPois Dex+4}
Will    +....      NoTele   +   (no boots)
Stlth   ++........              (no amulet)
HPRegen 0.17/turn               e - +4 ring of protection
MPRegen 0.19/turn               m - ring of willpower

@: no status effects
A: no striking features
a: Renounce Religion


You were on level 8 of the Dungeon.
You worshipped Vehumet.
Vehumet was noncommittal.
You visited 2 branches of the dungeon, and saw 9 of its levels.

You collected 466 gold pieces.
You spent 205 gold pieces at shops.

Inventory:

Hand Weapons
 a - a +2 short sword of freezing
 b - a +1 hunting sling of flaming (weapon)
 p - a +0 dagger of venom
Missiles
 c - 19 poisoned darts
 h - 144 stones (quivered ammo)
 o - 4 boomerangs of dispersal
 r - 4 throwing nets
 t - 6 boomerangs
 v - 72 sling bullets
Armour
 j - a +0 robe (worn)
 l - the +0 pair of gloves "Zulen" (worn) {-Tele rElec rPois Dex+4}
   (You acquired it on level 6 of the Dungeon)

   Dex:       It affects your dexterity (+4).
   rElec:     It insulates you from electricity.
   rPois:     It protects you from poison.
   -Tele:     It prevents most forms of teleportation.
 y - a +1 buckler
 D - a +1 helmet (worn)
Jewellery
 e - a +4 ring of protection (left hand)
 i - a ring of ice
 k - a +4 ring of protection
 m - a ring of willpower (right hand)
 w - a +6 ring of dexterity
 G - a +6 ring of strength
 I - a ring of resist corrosion
Wands
 d - a wand of mindburst (10)
Scrolls
 g - 2 scrolls of enchant weapon
 u - a scroll of noise
 x - a scroll of blinking
 F - 2 scrolls of magic mapping
 H - a scroll of immolation
Potions
 f - a potion of resistance
 n - a potion of flight
 q - a potion of attraction
 s - a potion of might {unknown}
 z - a potion of ambrosia
 A - a potion of lignification
 B - a potion of curing
 C - 4 potions of haste
 E - 2 potions of cancellation


   Skills:
 + Level 4.1 Fighting
 - Level 2.4 Dodging
 - Level 2.4 Stealth
 + Level 9.7 Spellcasting
 - Level 7.0 Conjurations
 - Level 7.0 Hexes
 - Level 5.0 Translocations
 - Level 5.0 Earth Magic


You had 13 spell levels left.
You knew the following spells:

 Your Spells              Type           Power      Damage    Failure   Level
a - Magic Dart            Conj           100%       1d8       1%          1
b - Searing Ray           Conj           94%        2d7       1%          2
c - Fulminant Prism       Conj/Hex       23%        3d13      2%          4
d - Iskenderun's Mystic   Conj/Tloc      42%        2d10      4%          4
s - Stone Arrow           Conj/Erth      84%        3d12      1%          3

Your spell library contained the following spells:

 Spells                   Type           Power      Damage    Failure   Level
 Apportation              Tloc           74%        N/A       1%          1
 Sandblast                Erth           74%        2d16      1%          1
 Dazzling Flash           Conj/Hex       94%        N/A       1%          3
 Passwall                 Tmut/Erth      20%        N/A       2%          2
 Animate Skeleton         Necr           24%        N/A       4%          1
 Sting                    Tmut/Pois      48%        1d5       4%          1
 Summon Small Mammal      Summ           48%        N/A       4%          1
 Ignite Poison            Fire/Tmut/Pois 12%        N/A       16%         3
 Spider Form              Tmut/Pois      12%        N/A       16%         3
 Alistair's Intoxication  Tmut/Pois      8%         N/A       80%         5


Dungeon Overview and Level Annotations

Branches:
Dungeon (8/15)             Temple (1/1) D:6
   Lair: D:8-11

Altars:
Ashenzari
Dithmenos
Elyvilon
Fedhas
Gozag
Hepliaklqana
Kikubaaqudgha
Nemelex Xobeh
Okawaru
Qazlal
Ru
Sif Muna
Trog
Uskayaw
Vehumet
Xom
Yredelemnul
Zin

Shops:
D:3 *!**


Message History

You are engulfed in a cloud of scalding steam.
* * * LOW HITPOINT WARNING * * *
You hear a loud crackle.
Casting: Fulminant Prism (dangerous; 2% risk of failure)
Confirm with . or Enter, or press ? or * to list all spells.
Aiming: Searing Ray (safe; 1% risk of failure)
Press: ? - help, Shift-Dir - straight line, f - fulminant prism
Aim: a fulminant prism (severely damaged, friendly, 100% to hit)
Really fire at your fulminant prism?
Okay, then.
Unknown command.
Unknown command.
You are engulfed in a cloud of scalding steam.
Your fulminant prism explodes!
You hear an angry hiss.
You hear a shout!
Unknown command.
Casting: Searing Ray (safe; 1% risk of failure)
Confirm with . or Enter, or press ? or * to list all spells.
Aiming: Searing Ray (safe; 1% risk of failure)
Press: ? - help, Shift-Dir - straight line, f - steam dragon
Aim: a steam dragon (steam, heavily wounded, catching its breath, 82% to hit)
The searing ray hits the steam dragon.
The steam dragon is heavily wounded. (Press . to maintain the ray.)
You are engulfed in a cloud of scalding steam.
* * * LOW HITPOINT WARNING * * *
The steam dragon barely misses you. x2
The searing ray hits the steam dragon.
The steam dragon is severely wounded.
You are engulfed in a cloud of scalding steam.
* * * LOW HITPOINT WARNING * * *
A wyvern comes into view.
The steam dragon bites you but does no damage.
The steam dragon claws you but does no damage.
The searing ray hits the steam dragon but does no damage.
The steam dragon is severely wounded.
The searing ray hits the wyvern.
The wyvern is lightly wounded.
You are engulfed in a cloud of scalding steam.
You die...

######.##
#...# #.#
###.# #.#
#.# #..
#.# #.#
#.# #.#
#.# #@#
#D# #.#
#l#
Y.......#
..o.)####
.... ...
(.


You could see a steam dragon and a wyvern.

Vanquished Creatures
  A two-headed ogre (D:6)
  A hornet (D:7)
  A wraith (D:7)
  2 necrophages
  2 black bears
  2 ogres
  A phantom (D:6)
  4 bullfrogs
  2 scorpions
  A water moccasin zombie (D:5)
  3 wights (D:7)
  2 bullfrog zombies
  2 centaur zombies (D:5)
  A hound (D:5)
  2 jellies
  A gnoll shaman (D:6)
  3 orc priests
  2 bullfrog skeletons
  An iguana (D:6)
  A scorpion zombie (D:5)
  2 orc wizards
  A killer bee zombie (D:6)
  A howler monkey zombie (D:5)
  14 gnolls
  11 adders
  4 white imps
  2 ufetubi (D:7)
  An adder zombie (D:5)
  A worm (D:2)
  2 dart slugs
  11 orcs
  4 bats
  8 endoplasms
  3 giant cockroaches
  5 goblins
  5 hobgoblins
  4 jackals (D:1)
  6 kobolds
  4 quokkas
  5 ball pythons
  A frilled lizard (D:2)
  6 rats
136 creatures vanquished.

Vanquished Creatures (others)
  5 fulminant prisms
  2 fungi
  4 plants
11 creatures vanquished.

Grand Total: 147 creatures vanquished

Notes
Turn   | Place    | Note
-------+----------+-------------------------------------------
     0 | D:1      | porpoise the Deep Elf Conjurer began the quest for the Orb.
     0 | D:1      | Reached XP level 1. HP: 10/10 MP: 6/6
   418 | D:1      | Reached XP level 2. HP: 15/15 MP: 4/8
   488 | D:1      | Learned a level 2 spell: Searing Ray
   963 | D:1      | Reached skill level 4 in Spellcasting
  1310 | D:2      | Reached skill level 5 in Conjurations
  1310 | D:2      | Reached XP level 3. HP: 15/19 MP: 3/10
  1424 | D:2      | Learned a level 3 spell: Stone Arrow
  1910 | D:2      | Reached XP level 4. HP: 24/24 MP: 9/12
  1945 | D:2      | Learned a level 4 spell: Fulminant Prism
  1966 | D:2      | Found a faded altar of an unknown god.
  2596 | D:3      | Found Keogriraf's Assorted Antiques.
  2639 | D:3      | Bought a scroll labelled VUKINAC WAUMIOCH for 24 gold
                  | pieces
  2639 | D:3      | Bought a scroll labelled VUKINAC WAUMIOCH for 24 gold
                  | pieces
  2639 | D:3      | Bought a scroll labelled VUKINAC WAUMIOCH for 24 gold
                  | pieces
  2639 | D:3      | Bought a scroll labelled GAUNE OGYIGG for 24 gold pieces
  2660 | D:3      | Reached skill level 1 in Hexes
  2661 | D:3      | Reached skill level 5 in Spellcasting
  2795 | D:3      | Found Vowefamp's Assorted Antiques.
  3059 | D:3      | Found a hide-covered altar of Uskayaw.
  3146 | D:3      | Found Vuopna Dysma's Distillery.
  3152 | D:3      | Bought a potion of degeneration for 11 gold pieces
  3229 | D:3      | Found Xaseynan's General Store.
  3457 | D:4      | Noticed a bullfrog
  3461 | D:4      | Killed a bullfrog
  3462 | D:4      | Reached XP level 5. HP: 28/28 MP: 9/15
  3467 | D:4      | Learned a level 4 spell: Iskenderun's Mystic Blast
  3713 | D:4      | Noticed a black bear
  3718 | D:4      | Reached skill level 6 in Spellcasting
  3718 | D:4      | Killed a black bear
  3719 | D:4      | Reached XP level 6. HP: 32/32 MP: 6/17
  3854 | D:4      | Reached skill level 7 in Spellcasting
  4359 | D:4      | Reached skill level 5 in Hexes
  4524 | D:4      | Reached skill level 1 in Translocations
  4920 | D:5      | Entered Level 5 of the Dungeon
  4925 | D:5      | Reached XP level 7. HP: 36/36 MP: 15/19
  5230 | D:5      | Found a glowing silver altar of Zin.
  6049 | D:5      | Reached skill level 5 in Translocations
  6052 | D:5      | Reached XP level 8. HP: 40/41 MP: 5/20
  6141 | D:5      | Found a basalt altar of Yredelemnul.
  6400 | D:6      | Identified a scroll of acquirement
  6400 | D:6      | Acquired the +0 pair of gloves "Zulen" {-Tele rElec rPois
                  | Dex+4}
  6491 | D:3      | Bought a white potion for 21 gold pieces
  6491 | D:3      | Bought a pink potion for 21 gold pieces
  6518 | D:3      | Bought a scroll labelled MINNAT TEB for 21 gold pieces
  6555 | D:3      | Bought a scroll of magic mapping for 35 gold pieces
  6640 | D:6      | Reached skill level 1 in Earth Magic
  7436 | D:6      | Got Sif Muna's Handbook of Poison
  7611 | D:6      | Noticed a two-headed ogre
  7620 | D:6      | Killed a two-headed ogre
  7621 | D:6      | Reached skill level 5 in Earth Magic
  7621 | D:6      | Reached skill level 8 in Spellcasting
  7621 | D:6      | Reached XP level 9. HP: 31/48 MP: 5/23
  7791 | D:6      | Found a staircase to the Ecumenical Temple.
  7858 | Temple   | Entered the Ecumenical Temple
  8034 | Temple   | Became a worshipper of Vehumet
  8136 | D:7      | Found a shimmering blue altar of Sif Muna.
  8843 | D:7      | Reached skill level 9 in Spellcasting
  8965 | D:7      | Found a shadowy altar of Dithmenos.
  9573 | D:8      | Found an iron altar of Okawaru.
  9697 | D:8      | Engulfed by a steam dragon's steam

Illustrated notes

Levels and vault maps discovered:
D:1:      dpeg_arrival_signposts, layout_basic, serial_glass, glass_columns_a,
          glass_columns_a
D:2:      layout_basic, shapermc_ecumenical_altar_mp_urbaneastern
D:3:      layout_loops_corners, mainiacjoe_overflow_catwalk, serial_shops,
          nicolae_square_shop, nicolae_shop_crystal, shop, shop,
          minmay_misc_feat_doors
D:4:      kennysheep_six_static_rooms, layout_basic
D:5:      layout_loops_cross, lemuel_tele_altar,
          nicolae_yredelemnul_corpse_copse, supply_closet_lemuel
D:6:      layout_basic, temple_doors_cd, corner_web_ring, serial_park_tiny_1
D:7:      layout_loops_ring, mainiacjoe_overflow_concentric_impassable,
          lemuel_round_altar, kennysheep_cluttered_room, eino_tiny_chamber
D:8:      layout_loops_ring, amcnicky_altar_gilded, david_lair_generic,
          serial_aquarium, aquarium_bridge_island_large
          [aquarium_subvault_large_4_pools, aquarium_subvault_bridge,
          aquarium_subvault_wall, aquarium_subvault_bridge,
          aquarium_subvault_window], aquarium_bridge_straight
          [aquarium_subvault_bridge, aquarium_subvault_window,
          aquarium_subvault_bridge, aquarium_subvault_wall], aquarium_window_2,
          aquarium_window_fake, aquarium_view_2f, aquarium_view_2e,
          aquarium_pool_1
Temple:   chequers_temple_sunken

Skill      XL: |  1  2  3  4  5  6  7  8  9 |
---------------+----------------------------+-----
Spellcasting   | 4 5 6 7 8 9 |  9.7
Conjurations   | 5 7 |  7.0
Hexes          | 3 4 5 7 |  7.0
Translocations | 1 5 |  5.0
Earth Magic    | 5 |  5.0
Fighting       | 2 4 |  4.1
Dodging        | |  2.4
Stealth        | |  2.4

Action                   |  1- 3 |  4- 6 |  7- 9 || total
-------------------------+-------+-------+-------++-------
Melee: Unarmed           |     1 |       |       ||     1
 Fire: Hunting sling     |     1 |    19 |    31 ||    51
 Cast: Magic Dart        |    53 |    25 |    10 ||    88
       Searing Ray       |     5 |    22 |    61 ||    88
       Fulminant Prism   |       |     2 |     3 ||     5
       Iskenderun's Myst |       |       |     5 ||     5
       Stone Arrow       |       |       |     3 ||     3
  Use: Scroll            |       |     2 |    16 ||    18
       Potion            |       |       |     2 ||     2
Armor: Robe              |       |     2 |    28 ||    30
Dodge: Dodged            |     7 |     7 |    28 ||    42

Table legend: (Time is in decaauts)
 A = Elapsed time spent in this place.
 B = Non-inter-level travel time spent in this place.
 C = Inter-level travel time spent in this place.
 D = Time resting spent in this place.
 E = Time spent auto-exploring this place.
 F = Levels seen in this place.
 G = Mean time per level.
                   A        B        C        D        E       F      G
               +--------+--------+--------+--------+--------+-----+--------+
         Total |   9779 |   9319 |    460 |   3558 |   4545 |   9 | 1086.6 |
       Dungeon |   9541 |   9089 |    452 |   3558 |   4347 |   8 | 1192.6 |
        Temple |    237 |    230 |      7 |      0 |    198 |   1 |  237.0 |
               +--------+--------+--------+--------+--------+-----+--------+

Top non-repeatable levels by time:
     D:5: 1529 daAuts
     D:4: 1462 daAuts
     D:7: 1340 daAuts
     D:1: 1302 daAuts
     D:3: 1298 daAuts
     D:6: 1297 daAuts
     D:2: 1006 daAuts
     D:8: 305 daAuts
  Temple: 237 daAuts
